 Dungeon Crawl Stone Soup version 0.27.1-3-gb3d3a73c9e (webtiles) character file.

Game seed: 17091070045986151266

148 ABBCCCDDDD the Sneak (level 5, -7/34 HPs)
             Began as an Octopode Enchanter on Oct 9, 2021.
             Mangled by Natasha (9 damage)
             ... on level 3 of the Dungeon.
             The game lasted 00:03:58 (3580 turns).

ABBCCCDDDD the Sneak (Octopode Enchanter)           Turns: 3580, Time: 00:03:58

Health: -7/34      AC:  1    Str:  7    XL:     5   Next: 30%
Magic:  8/8        EV: 13    Int: 18    God:
Gold:   109        SH:  0    Dex: 13    Spells: 4/8 levels left

rFire    . . .     SeeInvis .   a - +1 dagger
rCold    . . .     Faith    .   (no shield)
rNeg     . . .     Spirit   .   (helmet restricted)
rPois    .         Reflect  .   (no amulet)
rElec    .         Harm     .   (no ring)
rCorr    .         Rampage  .   (no ring)
Will     .....                  (no ring)
Stlth    ++++......             (no ring)
HPRegen  0.11/turn              (no ring)
MPRegen  0.11/turn              (no ring)
                                (no ring)
                                (no ring)

@: hasted and slowed
A: almost no armour, amphibious, 8 rings, camouflage 1, gelatinous body 1,
(nimble swimmer 1), tentacles
a: no special abilities


You were on level 3 of the Dungeon.
You visited 1 branch of the dungeon, and saw 3 of its levels.

You collected 109 gold pieces.

Inventory:

Hand Weapons
 a - a +1 dagger (weapon)
 m - a +4 hunting sling
Missiles
 o - 16 stones
Magical Staves
 f - a staff of cold
 j - a staff of air
 k - a staff of earth
Scrolls
 c - a scroll of identify {unknown}
 d - 2 scrolls of fear {unknown}
 e - 2 scrolls of vulnerability {unknown}
 i - 2 scrolls of teleportation {unknown}
 l - a scroll of enchant weapon {unknown}
 n - a scroll of noise {unknown}
Potions
 b - a potion of curing
 h - a potion of heal wounds {unknown}


   Skills:
 + Level 2.3 Fighting
 - Level 1.0 Short Blades
 - Level 2.0 Dodging
 - Level 5.1 Stealth
 + Level 2.3 Spellcasting
 + Level 1.1 Conjurations
 + Level 3.9 Hexes
 + Level 1.1 Earth Magic


You had 4 spell levels left.
You knew the following spells:

 Your Spells              Type           Power      Damage    Failure   Level
a - Corona                Hex            17%        N/A       3%          1
b - Stone Arrow           Conj/Erth      12%        3d7       32%         3

Your spell library contained the following spells:

 Spells                   Type           Power      Damage    Failure   Level
 Confusing Touch          Hex            16%        N/A       11%         3
 Tukima's Dance           Hex            16%        N/A       11%         3
 Ensorcelled Hibernation  Hex/Ice        18%        N/A       12%         2
 Apportation              Tloc           4%         N/A       17%         1
 Dazzling Flash           Conj/Hex       22%        N/A       19%         3
 Bolt of Magma            Conj/Fire/Erth 2%         4d4       98%         5
 Alistair's Intoxication  Tmut/Pois      1%         N/A       99%         5
 Invisibility             Hex            8%         N/A       99%         6
 Shatter                  Erth           3%         3d7*      100%        9


Dungeon Overview and Level Annotations

Branches:
Dungeon (3/15)

Altars:

Shops:
D:2 (

Annotations:
D:3 Natasha


Innate Abilities, Weirdness & Mutations

You cannot wear most types of armour.
You are amphibious.
You can wear up to eight rings at the same time.
Your skin changes colour to match your surroundings (Stealth+).
Your rubbery body absorbs attacks. (AC +1, EV +1)
((You are camouflaged near water. (Stealth+)))
You have tentacles for arms and can constrict up to eight enemies at once.


Message History

A frilled lizard is nearby!
The helpless frilled lizard fails to defend itself.
You impale the frilled lizard!!
You kill the frilled lizard!
No target in view!
You see here the felid skeleton of Natasha.
Found 15 gold pieces.
You now have 109 gold pieces (gained 15).
Found 8 bolts.
You see here 8 bolts.
Done exploring.
Done exploring.
Done exploring.
Natasha, Servant of Life and Death comes into view.
Natasha hisses angrily.
Natasha drinks a potion.
Natasha flickers and vanishes!
Deactivating autopickup; reactivate with Ctrl-A.
You see here a +0 whip.
You can't go down here!
A magic dart appears from out of thin air!
The magic dart hits you.
You feel yourself slow down.
Something tries to affect you, but you resist.
A magic dart appears from out of thin air!
The magic dart hits you!
You hear some strange, mumbled words.
You feel as though you will be slow longer.
Something claws you. Something claws you. Something claws you!
* * * LOW HITPOINT WARNING * * *
It was a potion of curing.
You feel better. Something claws you.
* * * LOW HITPOINT WARNING * * *
It was a potion of haste.
You feel yourself speed up. Something claws you.
* * * LOW HITPOINT WARNING * * *
Something claws you.
* * * LOW HITPOINT WARNING * * *
There is a stone staircase leading up here.
Something claws you!
You die...

# #.# #
####.#### #
#.......# #
#.#####.#
##########.#
#.#
##.........#
#.#
##.#######.#
#.# #.#
#.#####.# #.#
#......@# #.#
######### #.#
#.# ##.# ...#
##.# #####
#.########...#
#.........(..#


There were no monsters in sight!

Levels and vault maps discovered:
D:1:      ebering_trefoil_twist, layout_loops_ring,
          ebering_ecumenical_altar_sacrificial, chequers_serial_rivers_large_b
D:2:      layout_basic, serial_shops, shop, st_stairs_1
D:3:      layout_loops_ring, uniq_natasha

Notes
Turn   | Place    | Note
-------+----------+-------------------------------------------
     0 | D:1      | ABBCCCDDDD the Octopode Enchanter began the quest for the
                  | Orb.
     0 | D:1      | Reached XP level 1. HP: 11/11 MP: 3/3
    53 | D:1      | Found a faded altar of an unknown god.
   449 | D:1      | Reached XP level 2. HP: 18/18 MP: 5/5
  1017 | D:2      | Reached skill level 1 in Fighting
  1020 | D:2      | Reached XP level 3. HP: 21/23 MP: 6/6
  1646 | D:2      | Reached skill level 5 in Stealth
  1844 | D:2      | Found Addousaf's Weapon Boutique.
  2117 | D:2      | Learned a level 3 spell: Stone Arrow
  2265 | D:3      | Reached XP level 4. HP: 29/29 MP: 7/7
  3019 | D:3      | Reached XP level 5. HP: 33/34 MP: 8/8
  3082 | D:3      | Noticed Natasha
  3087 | D:3      | Killed Natasha
  3088 | D:3      | Reached skill level 1 in Conjurations
  3088 | D:3      | Reached skill level 1 in Earth Magic
  3548 | D:3      | Noticed Natasha
  3580 | D:3      | Mangled by Natasha

Table legend: (Time is in decaauts)
 A = Elapsed time spent in this place.
 B = Non-inter-level travel time spent in this place.
 C = Inter-level travel time spent in this place.
 D = Time resting spent in this place.
 E = Time spent auto-exploring this place.
 F = Levels seen in this place.
 G = Mean time per level.
                   A        B        C        D        E       F      G
               +--------+--------+--------+--------+--------+-----+--------+
         Total |   3584 |   3530 |     54 |    824 |   2208 |   3 | 1194.7 |
       Dungeon |   3584 |   3530 |     54 |    824 |   2208 |   3 | 1194.7 |
               +--------+--------+--------+--------+--------+-----+--------+

Top non-repeatable levels by time:
     D:2: 1670 daAuts
     D:3: 1017 daAuts
     D:1: 896 daAuts

Table legend:
 A = Kills in this place as a percentage of kills in entire the game.
 B = Kills by you in this place as a percentage of kills by you in the entire game.
 C = Kills by friends in this place as a percentage of kills by friends in the entire game.
 D = Other kills in this place as a percentage of other kills in the entire game.
 E = Experience gained in this place as a percentage of experience gained in the entire game.
 F = Experience gained in this place divided by the number of levels of this place that you have seen.
                   A       B       C       D       E      F
               +-------+-------+-------+-------+-------+----------------------
         Total | 100.0 | 100.0 |   N/A |   N/A | 100.0 |  70.7
       Dungeon | 100.0 | 100.0 |   N/A |   N/A | 100.0 |  70.7
               +-------+-------+-------+-------+-------+----------------------

Action                   |  1- 3 |  4- 6 || total
-------------------------+-------+-------++-------
Melee: Dagger            |    63 |    46 ||   109
       Constrict         |    14 |     8 ||    22
       Tentacles         |     8 |     7 ||    15
  Use: Potion            |       |     2 ||     2
 Stab: Sleeping          |    12 |    11 ||    23
Armor: Skin              |     4 |       ||     4
Dodge: Dodged            |    38 |    23 ||    61

Vanquished Creatures
  Natasha (D:3)
  4 adders
  4 gnolls
  A dart slug (D:2)
  4 ball pythons
  9 endoplasms
  A giant cockroach (D:3)
  3 goblins
  6 hobgoblins
  A quokka (D:2)
  5 bats
  3 frilled lizards
  4 kobolds
  5 rats
51 creatures vanquished.
